 Dungeon Crawl Stone Soup version 0.22-a0-772-gac08f70 (webtiles) character file.

301549 inmateoo the Brawler (level 20, -5/163 HPs)
             Began as a Demonspawn Wanderer on July 17, 2018.
             Was the Champion of Cheibriados.
             Killed from afar by a Tzitzimitl (66 damage)
             ... with a bolt of negative energy
             ... summoned by a deep elf demonologist
             ... led by an ironheart preserver
             ... on level 1 of the Vaults on July 18, 2018.
             The game lasted 00:49:49 (37325 turns).

inmateoo the Brawler (Demonspawn Wanderer)         Turns: 37325, Time: 00:49:50

Health: -5/163     AC: 25    Str: 34    XL:     20   Next: 19%
Magic:  29/34      EV: 18    Int: 29    God:    Cheibriados [******]
Gold:   634        SH: 24    Dex: 38    Spells: 17/39 levels left

rFire    + + +     SeeInvis .     - Unarmed
rCold    + + .     Gourm    +   u - +3 large shield
rNeg     . . .     Faith    .   F - +4 chain mail of Hangman {-Cast rF++ rC+ Dex+8}
rPois    .         Spirit   .   (helmet unavailable)
rElec    .         Reflect  .   w - scarf {rC+ rF+}
rCorr    .         Harm     .   G - +2 pair of gloves
MR       +++..     NoCast   +   C - +2 pair of boots {Fly}
Stlth    ..........             g - amulet of the gourmand
HPRegen  0.37/turn              t - ring of protection from magic
MPRegen  0.24/turn              b - ring of protection from magic

@: flying, slowed, studying 2 skills, drained, very slow
A: horns 3, rugged brown scales 3, demonic guardian 1, fire resistance 1,
augmentation 1, flame cloud immunity
}: 2/15 runes: barnacled, gossamer
a: Bend Time, Temporal Distortion, Slouch, Step From Time, Renounce Religion,
Stop Flying


You were on level 1 of the Vaults.
You worshipped Cheibriados.
Cheibriados was exalted by your worship.
You were very full.

You visited 7 branches of the dungeon, and saw 33 of its levels.
You visited 1 bazaar.
You also visited: Sewer and Ice Cave.

You collected 3007 gold pieces.
You spent 2373 gold pieces at shops.

Inventory:

Armour
 u - a +3 large shield (worn)
 w - a scarf of resistance (worn)
 C - a +2 pair of boots of flying (worn)
 F - the +4 chain mail of Hangman (worn) {-Cast rF++ rC+ Dex+8}
   (You found it on level 8 of the Dungeon)

   It affects your dexterity (+8).
   It greatly protects you from fire.
   It protects you from cold.
   It prevents spellcasting.
 G - a +2 pair of gloves (worn)
 P - the +0 storm dragon scales "Basocon" {rElec rPois Str+6}
   (You bought it in a shop on level 2 of the Orcish Mines)

   It affects your strength (+6).
   It insulates you from electricity.
   It protects you from poison.
Jewellery
 b - a ring of protection from magic (right hand)
 g - an amulet of the gourmand (around neck)
 h - an uncursed ring of resist corrosion
 i - an uncursed ring of see invisible
 t - a ring of protection from magic (left hand)
 E - an uncursed ring of positive energy
 M - an uncursed ring of wizardry
Wands
 a - a wand of disintegration (37)
 e - a wand of enslavement (34)
 o - a wand of acid (9)
 y - a wand of digging (13)
 D - a wand of iceblast (15)
 S - a wand of polymorph (25)
 T - a wand of flame (23)
Scrolls
 d - 4 scrolls of identify
 j - 8 scrolls of amnesia
 l - 19 scrolls of remove curse
 q - 8 scrolls of fear
 x - 6 scrolls of fog
 B - 5 scrolls of teleportation
 J - 5 scrolls of enchant weapon
 N - a scroll of blinking
Potions
 k - 9 potions of heal wounds
 m - 12 potions of curing
 n - a potion of magic
 s - 5 potions of might
 v - 3 potions of agility
 z - a potion of brilliance
 A - 5 potions of mutation
 H - 6 potions of ambrosia
 L - a potion of lignification
 O - a potion of cancellation
 R - a potion of invisibility
Books
 c - a manual of Axes
 I - a manual of Spellcasting
Miscellaneous
 p - a sack of spiders
 r - a lamp of fire
 K - a phial of floods
 Q - a box of beasts
Comestibles
 f - 72 rations


   Skills:
 - Level 12.0(10.9) Fighting
   Level 1.0(0.2) Maces & Flails
 - Level 1.0(0.2) Throwing
 + Level 11.4(10.4) Armour
 + Level 11.5(10.5) Dodging
 - Level 1.0(0.2) Stealth
 * Level 8.7(7.7) Shields
 * Level 19.2(18.0) Unarmed Combat
 * Level 10.0(9.0) Spellcasting
 * Level 9.2(8.2) Transmutations
 - Level 10.0(9.0) Invocations
 * Level 7.9(7.0) Evocations


You had 17 spell levels left.
You knew the following spells:

 Your Spells              Type           Power        Failure   Level  Hunger
a - Apportation           Tloc           ##....       78%         1    None
b - Summon Forest         Summ/Tloc      ##........   100%        5    ####...
c - Regeneration          Chrm/Necr      ##........   98%         3    None
d - Blade Hands           Tmut           ######....   77%         5    ####...
e - Shroud of Golubria    Chrm/Tloc      ##........   89%         2    None
f - Deflect Missiles      Chrm/Air       ##........   100%        6    #####..

Your spell library contained the following spells:

 Spells                   Type           Power        Failure   Level  Hunger
 Cause Fear               Hex            ##........   100%        4    None
 Slow                     Hex            ##......     89%         2    None
 Confuse                  Hex            ##......     98%         3    None
 Throw Flame              Conj/Fire      ##....       89%         2    None
 Throw Frost              Conj/Ice       ##....       89%         2    None
 Summon Small Mammal      Summ           ##..         78%         1    None
 Animate Dead             Necr           N/A          100%        4    None
 Pain                     Necr           ##..         78%         1    None
 Animate Skeleton         Necr           N/A          78%         1    None
 Vampiric Draining        Necr           ##........   98%         3    None
 Freeze                   Ice            ##..         78%         1    None
 Ozocubu's Refrigeration  Ice            ##........   100%        6    #####..
 Summon Ice Beast         Ice/Summ       ##......     100%        4    None
 Ozocubu's Armour         Chrm/Ice       ##......     98%         3    None
 Tukima's Dance           Hex            ##......     98%         3    None
 Corpse Rot               Necr           N/A          89%         2    None
 Swiftness                Chrm/Air       ##......     89%         2    None
 Spider Form              Tmut/Pois      #####.....   58%         3    None
 Ice Form                 Ice/Tmut       #####...     94%         4    None
 Throw Icicle             Conj/Ice       ##......     100%        4    None
 Confusing Touch          Hex            ##....       78%         1    None
 Sticks to Snakes         Tmut           ######..     7%          2    None
 Ensorcelled Hibernation  Hex/Ice        ##....       89%         2    None
 Metabolic Englaciation   Hex/Ice        ##........   100%        5    ####...
 Silence                  Hex/Air        ##........   100%        5    ####...
 Corona                   Hex            ##.....      78%         1    None
 Portal Projectile        Hex/Tloc       ##....       98%         3    None
 Petrify                  Tmut/Erth      #####...     94%         4    None
 Summon Hydra             Summ           ##........   100%        7    #######
 Beastly Appendage        Tmut           ######       4%          1    None
 Dazzling Spray           Conj/Hex       ##....       98%         3    None
 Infusion                 Chrm           ##..         78%         1    None
 Song of Slaying          Chrm           ##......     89%         2    None
 Spectral Weapon          Hex/Chrm       ##......     98%         3    None
 Discord                  Hex            ##........   100%        8    #######
 Summon Guardian Golem    Hex/Summ       ##......     98%         3    None
 Summon Mana Viper        Hex/Summ       ##......     100%        5    ####...
 Gell's Gravitas          Tloc           ##........   98%         3    None
 Yara's Violent Unravell  Hex/Tmut       #####.....   100%        5    ####...


Dungeon Overview and Level Annotations

Branches:
Dungeon (15/15)            Temple (0/1) D:7            Lair (6/6) D:8
 Shoals (4/4) Lair:4       Spider (4/4) Lair:4        Slime (0/5) Lair:6
    Orc (2/2) D:12            Elf (1/3) Orc:2        Vaults (1/5) D:13
 Depths (0/5) D:15

Altars:
Cheibriados
Dithmenos
Gozag
Hepliaklqana
Nemelex Xobeh
Qazlal
Ru
Trog
Xom
Yredelemnul
Zin
The Shining One
Beogh

Shops:
D:7 [   Orc:2 [%(*   Elf:1 !   Shoals:1 *


Innate Abilities, Weirdness & Mutations

You have a pair of large horns on your head.
You are completely covered in rugged brown scales. (AC +3, +7% HP)
A weak demonic guardian rushes to your aid.
Your flesh is heat resistant. (rF+)
Your magical and physical power is slightly enhanced at high health.
You are immune to clouds of flame.


Message History

You feel somewhat less full.
The deep elf demonologist casts a spell at you.
You resist with almost no effort. The Tzitzimitl engulfs you.
The Tzitzimitl drains your vigour!
You feel yourself slow down. You block the Tzitzimitl's attack.
The Ice Fiend closely misses you. The Ice Fiend barely misses you.
The deep elf demonologist casts a spell.
The hellwing completely misses you. You block the hellwing's attack.
Unknown command.
Unknown command.
You closely miss the deep elf demonologist.
You headbutt the deep elf demonologist.
The deep elf demonologist is almost dead.
The deep elf demonologist gestures wildly while chanting.
An orc knight comes into view. It is wielding a dire flail.
You block the Ice Fiend's attack. The Ice Fiend claws you.
The Ice Fiend freezes you. You resist. The Tzitzimitl gestures at you.
The bolt of negative energy hits you!
You feel drained.
You die...

#############.)....#
...................#
..................#
#...............#
#...............#
#...?...........#
#...............#
#....44).4......#
#...11@3........#
####.e1e2.......#
#..4.........
#...........
#..........
#..........
###'#'##... ...o.
...


You could see 2 Tzitzimimeh, an Ice Fiend, an orc knight (wandering), 2 deep elf
demonologists, a hellwing, an ice devil, a rust devil, a tormentor, a ynoxinul
and a red devil.

Vanquished Creatures
  Saint Roka (Orc:2)
  Arachne (Spider:2)
  A sphinx (D:14)
  Frances (D:12)
  Ilsuiw (Shoals:2)
  A deep elf sorcerer (Vaults:1)
  6 ghost moths
  A frost giant (Shoals:4)
  2 emperor scorpions (Spider:4)
  Aizul (Shoals:2)
  3 ironheart preservers (Vaults:1)
  The ghost of Hebeh the Eclecticist, a journeyman DEFE of Vehumet (Spider:1)
  A stone giant (Orc:2)
  Snorg (D:12)
  2 ettins
  3 spark wasps (Spider:4)
  4 merfolk javelineers
  A deep elf death mage (Elf:1)
  12 merfolk impalers
  A deep elf high priest (Elf:1)
  A yaktaur captain (Vaults:1)
  A fire dragon (Vaults:1)
  Josephine (D:12)
  Erolcha (D:11)
  6 ogre magi
  Harold (Lair:1)
  4 hydras
  Erica (Lair:1)
  An anaconda (Shoals:4)
  20 two-headed ogres
  2 merfolk aquamancers (Shoals:4)
  3 merfolk avatars
  2 dancing weapons
  5 centaur warriors
  2 satyrs
  3 death yaks (Lair:3)
  A tengu warrior (D:8)
  3 deep elf knights (Elf:1)
  5 skeletal warriors (Vaults:1)
  An iron troll (Orc:2)
  10 sea snakes
  4 deep trolls
  A wizard (Vaults:1)
  3 unseen horrors
  14 harpies
  A lindwurm (Lair:5)
  2 deep elf archers (Elf:1)
  A necromancer (Vaults:1)
  5 orc knights
  18 orb spiders
  29 wolf spiders
  9 cyclopes
  12 manticores
  6 oklob plants
  18 deep elf magi
  A harpy (shapeshifter) (D:14)
  4 orc sorcerers
  21 ugly things
  15 fauns
  6 elephants (Lair:2)
  13 merfolk sirens
  5 water nymphs
  Maurice (D:8)
  28 spiny frogs
  6 black mambas
  An eye of devastation (Lair:6)
  2 gargoyles
  2 ice statues (IceCv)
  A human zombie (Vaults:1)
  A kobold demonologist (D:13)
  15 komodo dragons
  5 yaktaurs (Vaults:1)
  15 demonic crawlers
  A tengu conjurer (D:13)
  A harpy zombie (Vaults:1)
  A queen bee (Spider:4)
  9 trolls
  6 polar bears
  26 jumping spiders
  26 merfolk
  6 wind drakes
  3 meliai (Spider:4)
  8 dream sheep
  A harpy skeleton (D:14)
  3 tyrant leeches (Lair:6)
  A slime creature (D:13)
  9 hornets
  A hippogriff (shapeshifter) (Vaults:1)
  9 snapping turtles
  17 blink frogs
  10 hippogriffs
  5 water elementals
  2 shadows
  67 redbacks
  An air elemental (Elf:1)
  29 tarantellas
  3 wraiths (D:12)
  A vampire (D:15)
  2 fire elementals (Elf:1)
  2 wyverns
  45 yaks
  A basilisk (D:13)
  A steam dragon (D:15)
  2 hungry ghosts
  15 humans (D:13)
  12 vampire mosquitoes
  7 wargs
  3 acid dragons
  13 water moccasins
  9 porcupines
  A hornet zombie (D:12)
  2 phantoms (D:13)
  Purgy (Sewer)
  22 orc warriors
  4 sky beasts
  3 slaves (D:6)
  11 ice beasts
  2 eyes of draining
  33 ogres
  2 black bears
  5 boggarts (D:15)
  5 crocodiles
  10 wolves
  15 centaurs
  6 big kobolds
  Blork the orc (D:6)
  28 bullfrogs
  A wyvern skeleton (D:11)
  4 scorpions
  41 killer bees
  12 wights
  9 electric eels
  2 vampire bats (D:6)
  2 howler monkeys
  8 crimson imps
  2 quasits
  3 bullfrog zombies
  5 centaur zombies
  4 bullfrog skeletons
  11 orc priests
  7 hounds
  2 iguanas
  6 jellies
  23 orc wizards
  4 centaur skeletons
  4 worker ants
  7 hell rats (Lair:5)
  A killer bee zombie (D:7)
  A hound skeleton (D:7)
  A killer bee simulacrum (D:10)
  A worker ant zombie (D:10)
  A howler monkey skeleton (D:10)
  20 adders
  4 gnolls (Orc:2)
  4 shadow imps
  3 white imps (D:10)
  An ufetubus (D:10)
  An ooze (D:9)
  2 adder zombies
  6 worms
  A dart slug (D:1)
  2 leopard geckos
  75 orcs
  3 giant cockroaches
  17 goblins
  4 hobgoblins
  6 jackals
  16 kobolds
  6 quokkas
  3 ball pythons
  14 bats
  10 frilled lizards
  A leopard gecko skeleton (D:5)
  6 rats
  A fungus (Lair:5)
  2 plants
1263 creatures vanquished.

Vanquished Creatures (collateral kills)
  A hydra (Lair:6)
  2 slime creatures (D:13)
  Pikel (D:6)
  An orb spider (Spider:4)
  2 wolf spiders
  A troll (D:13)
  A blink frog (Lair:6)
  A hippogriff (D:11)
  A redback (Spider:1)
  3 yaks
  An orc warrior (D:6)
  2 ogres
  A killer bee (D:10)
  A howler monkey (D:9)
  A crimson imp (D:8)
  2 orc wizards
  An orc priest (D:6)
  A worker ant (D:9)
  A white imp (D:10)
  5 orcs
  3 jackals (D:8)
  2 kobolds (D:12)
35 creatures vanquished.

Vanquished Creatures (others)
  A jumping spider (Spider:1)
  A hippogriff (Lair:6)
  A yak (Lair:6)
  A human (D:13)
  2 bushes (Lair:6)
  18 fungi
  57 plants
81 creatures vanquished.

Grand Total: 1379 creatures vanquished

Notes
Turn   | Place    | Note
-------+----------+-------------------------------------------
     0 | D:1      | inmateoo the Demonspawn Wanderer began the quest for the Orb.
     0 | D:1      | inmateoo set off with: a +2 dagger, a potion of haste, a +0 hand crossbow, 25 bolts, a +0 ring mail, a ration
     0 | D:1      | Reached XP level 1. HP: 15/15 MP: 1/1
   131 | D:1      | Gained mutation: You are partially covered in rugged brown scales. (AC +1, +3% HP) [demonic ancestry]
   131 | D:1      | Reached XP level 2. HP: 15/21 MP: 2/2
   496 | D:1      | Reached skill level 2 in Unarmed Combat
   643 | D:2      | Reached XP level 3. HP: 26/26 MP: 3/3
  1263 | D:2      | Reached XP level 4. HP: 24/33 MP: 4/4
  1453 | D:2      | Found a shadowy altar of Dithmenos.
  1480 | D:2      | Reached skill level 3 in Unarmed Combat
  1498 | D:2      | Found a bloodstained altar of Trog.
  2298 | D:3      | Found a stormy altar of Qazlal.
  2303 | D:3      | Found a snail-covered altar of Cheibriados.
  2306 | D:3      | Found a sacrificial altar of Ru.
  2320 | D:3      | Became a worshipper of Cheibriados the Contemplative
  2386 | D:3      | Found an opulent altar of Gozag.
  2387 | D:3      | Found a sparkling altar of Nemelex Xobeh.
  2412 | D:3      | Gained mutation: A weak demonic guardian rushes to your aid. [demonic ancestry]
  2412 | D:3      | Reached XP level 5. HP: 18/40 MP: 5/5
  3036 | D:4      | Noticed an ogre
  3053 | D:4      | Killed an ogre
  3053 | D:4      | Reached * piety under Cheibriados
  3053 | D:4      | Reached skill level 4 in Unarmed Combat
  3075 | D:4      | Found a glowing drain.
  3090 | Sewer    | Entered a sewer
  3547 | Sewer    | Noticed Purgy
  3561 | Sewer    | Killed Purgy
  3561 | Sewer    | Gained mutation: You have a pair of small horns on your head. [demonic ancestry]
  3561 | Sewer    | Reached XP level 6. HP: 37/48 MP: 6/6
  3734 | D:4      | Reached skill level 5 in Unarmed Combat
  4252 | D:5      | Entered Level 5 of the Dungeon
  4280 | D:5      | Gained mutation: You have a pair of horns on your head. [demonic ancestry]
  4280 | D:5      | Reached XP level 7. HP: 28/55 MP: 7/7
  5095 | D:6      | Noticed Pikel
  5126 | D:6      | Killed Pikel
  5126 | D:6      | Reached ** piety under Cheibriados
  5126 | D:6      | Reached skill level 5 in Fighting
  5126 | D:6      | Reached skill level 6 in Unarmed Combat
  5226 | D:6      | Reached XP level 8. HP: 63/63 MP: 8/8
  5231 | D:6      | Reached skill level 7 in Unarmed Combat
  5442 | D:6      | Noticed Blork the orc
  5452 | D:6      | Killed Blork the orc
  5684 | D:6      | Reached skill level 8 in Unarmed Combat
  5754 | D:6      | Found a glowing golden altar of the Shining One.
  5777 | D:6      | Found a basalt altar of Yredelemnul.
  6176 | D:7      | Found a staircase to the Ecumenical Temple.
  6198 | D:7      | Reached *** piety under Cheibriados
  6242 | D:7      | Reached skill level 9 in Unarmed Combat
  6392 | D:7      | Gained mutation: You are mostly covered in rugged brown scales. (AC +2, +5% HP) [demonic ancestry]
  6392 | D:7      | Reached XP level 9. HP: 63/71 MP: 9/9
  6514 | D:7      | Found a glowing silver altar of Zin.
  6538 | D:7      | Found Cifamnah's Armour Shop.
  6547 | D:7      | Bought a +0 pair of boots of stealth for 126 gold pieces
  6594 | D:7      | Reached skill level 10 in Unarmed Combat
  6631 | D:7      | Found a shimmering altar of Xom.
  6886 | D:8      | Got an encrusted chain mail
  6897 | D:8      | Identified the +4 chain mail of Hangman {-Cast rF++ rC+ Dex+8} (You found it on level 8 of the Dungeon)
  6905 | D:8      | Noticed a tengu warrior
  6937 | D:8      | HP: 2/71 [tengu warrior/great sword (4)]
  6948 | D:8      | Reached **** piety under Cheibriados
  6960 | D:8      | Killed a tengu warrior
  7160 | D:8      | Noticed Maurice
  7167 | D:8      | Killed Maurice
  7181 | D:8      | Reached skill level 5 in Armour
  7184 | D:8      | Gained mutation: Your flesh is heat resistant. (rF+) [demonic ancestry]
  7184 | D:8      | Reached XP level 10. HP: 59/79 MP: 10/10
  7210 | D:8      | Killed an unseen horror
  7210 | D:8      | Reached skill level 11 in Unarmed Combat
  7263 | D:8      | Identified Yghyve's Incunabulum of Assistive Creation
  7275 | D:8      | Learned a level 1 spell: Apportation
  7281 | D:8      | Learned a level 5 spell: Summon Forest
  7880 | D:8      | Found a hazy altar of Hepliaklqana.
  7901 | D:8      | Found a staircase to the Lair.
  8002 | D:9      | Noticed a two-headed ogre
  8007 | D:9      | Killed a two-headed ogre
  8007 | D:9      | Reached ***** piety under Cheibriados
  8824 | D:10     | Entered Level 10 of the Dungeon
  8850 | D:10     | Reached skill level 5 in Invocations
  9038 | D:10     | Reached XP level 11. HP: 81/88 MP: 14/14
  9198 | D:10     | Noticed a two-headed ogre
  9206 | D:10     | Killed a two-headed ogre
  9277 | D:10     | Reached skill level 12 in Unarmed Combat
  9583 | D:10     | Reached ****** piety under Cheibriados
  9837 | D:10     | Noticed a purple ugly thing
  9845 | D:10     | Killed a purple ugly thing
 10343 | D:11     | Reached skill level 5 in Dodging
 10402 | D:11     | Noticed a brown ugly thing
 10408 | D:11     | Killed a brown ugly thing
 10745 | D:11     | Noticed a seven-headed hydra
 10750 | D:11     | Killed a seven-headed hydra
 10803 | D:11     | Killed an unseen horror
 10944 | D:11     | Found a glowing golden altar of the Shining One.
 11186 | D:11     | Noticed Erolcha
 11198 | D:11     | Killed Erolcha
 11198 | D:11     | Reached skill level 13 in Unarmed Combat
 11388 | D:12     | Noticed Snorg
 11391 | D:12     | Killed an unseen horror
 11391 | D:12     | Gained mutation: You have a pair of large horns on your head. [demonic ancestry]
 11391 | D:12     | Reached XP level 12. HP: 88/96 MP: 17/17
 11409 | D:12     | Killed Snorg
 11445 | D:12     | Noticed Josephine
 11464 | D:12     | Killed Josephine
 11464 | D:12     | Reached skill level 14 in Unarmed Combat
 11756 | D:12     | Noticed Frances
 11772 | D:12     | Killed Frances
 12132 | D:12     | Found a staircase to the Orcish Mines.
 12279 | D:13     | Found a gate to the Vaults.
 12279 | D:13     | Noticed a centaur warrior
 12279 | D:13     | Noticed a two-headed ogre
 12279 | D:13     | Noticed a centaur warrior
 12281 | D:13     | Reached skill level 15 in Unarmed Combat
 12281 | D:13     | Reached skill level 1 in Spellcasting
 12281 | D:13     | Killed a centaur warrior
 12281 | D:13     | Killed a centaur warrior
 12284 | D:13     | Killed a two-headed ogre
 12292 | D:13     | Reached XP level 13. HP: 53/103 MP: 9/18
 12654 | D:13     | Learned a level 3 spell: Regeneration
 12660 | D:13     | Learned a level 5 spell: Blade Hands
 12663 | D:13     | Learned a level 2 spell: Shroud of Golubria
 13737 | D:14     | Noticed a sphinx
 13746 | D:14     | Killed a sphinx
 14551 | D:14     | Found a roughly hewn altar of Beogh.
 14728 | D:15     | Entered Level 15 of the Dungeon
 14951 | D:15     | Noticed an ettin
 14985 | D:15     | Killed an ettin
 14985 | D:15     | Reached skill level 16 in Unarmed Combat
 14985 | D:15     | Gained mutation: You are immune to clouds of flame. [demonic ancestry]
 14985 | D:15     | Reached XP level 14. HP: 41/113 MP: 19/21
 15283 | D:15     | Found a staircase to the Depths.
 15302 | D:15     | Identified Sif Muna's Volume of Enchanting Cold
 15416 | D:15     | Found a glowing golden altar of the Shining One.
 15881 | Lair:1   | Entered Level 1 of the Lair of Beasts
 15998 | Lair:1   | Noticed Erica
 16007 | Lair:1   | Killed Erica
 16063 | Lair:1   | Noticed Harold
 16095 | Lair:1   | Killed Harold
 16217 | Lair:1   | Reached skill level 10 in Invocations
 16220 | Lair:1   | Reached skill level 5 in Spellcasting
 16769 | Lair:2   | Reached skill level 10 in Fighting
 17713 | Lair:3   | Found a frozen archway.
 17730 | IceCv    | Entered an ice cave
 17731 | IceCv    | Found a transporter.
 17799 | IceCv    | Found a transporter.
 18148 | IceCv    | Got a faintly glowing dagger
 18149 | IceCv    | Identified the +2 dagger of Socwoo Vewi {pierce, rN++} (You found it in an ice cave)
 18453 | Lair:3   | You are sucked into a shaft for 3 floors!
 18453 | Lair:6   | Entered Level 6 of the Lair of Beasts
 18748 | Lair:6   | Reached skill level 17 in Unarmed Combat
 18748 | Lair:6   | Gained mutation: Your magical and physical power is slightly enhanced at high health. [demonic ancestry]
 18748 | Lair:6   | Reached XP level 15. HP: 80/120 MP: 22/22
 19846 | Lair:6   | Learned a level 6 spell: Deflect Missiles
 19964 | Lair:6   | Found a staircase to the Slime Pits.
 20743 | Lair:6   | Reached XP level 16. HP: 128/128 MP: 23/23
 20744 | Lair:6   | Reached XP level 17. HP: 135/135 MP: 24/24
 20997 | Lair:5   | Reached skill level 10 in Dodging
 21950 | Lair:4   | Found a staircase to the Shoals.
 22032 | Lair:4   | Reached skill level 1 in Shields
 22123 | Lair:4   | Found a hole to the Spider Nest.
 22926 | Orc:1    | Entered Level 1 of the Orcish Mines
 23201 | Orc:2    | Entered Level 2 of the Orcish Mines
 23266 | Orc:2    | Identified Izejoh's Hermeneutics Continued
 23382 | Orc:2    | Reached skill level 10 in Armour
 23386 | Orc:2    | Noticed Saint Roka
 23397 | Orc:2    | Found Ahopsigh's Food Boutique.
 23397 | Orc:2    | Found Eliom's Armour Emporium.
 23397 | Orc:2    | Found Ajoengus's Antique Weapon Shoppe.
 23400 | Orc:2    | Reached skill level 18 in Unarmed Combat
 23715 | Orc:2    | Found a staircase to the Elven Halls.
 23991 | Orc:2    | Found Hyosu's Assorted Antiques.
 24039 | Orc:2    | Killed Saint Roka
 24240 | Orc:2    | Bought a polished plate armour for 840 gold pieces
 24240 | Orc:2    | Identified the +2 plate armour "Trusted Companion" {Str+3} (You bought it in a shop on level 2 of the Orcish Mines)
 24497 | Elf:1    | Entered Level 1 of the Elven Halls
 24685 | Elf:1    | Reached skill level 5 in Transmutations
 24885 | Elf:1    | Found Etifer's Distillery.
 24912 | Elf:1    | Reached XP level 18. HP: 144/144 MP: 27/27
 25980 | Orc:2    | Bought the cursed +0 storm dragon scales "Basocon" {rElec rPois Str+6} for 1407 gold pieces
 26217 | Spider:1 | Entered Level 1 of the Spider Nest
 26311 | Spider:1 | Reached skill level 1 in Evocations
 26345 | Spider:1 | Found a runed door.
 27528 | Spider:1 | Found a shimmering altar of Xom.
 27528 | Spider:1 | Noticed Hebeh's ghost (journeyman DEFE)
 27544 | Spider:1 | Killed Hebeh's ghost
 28203 | Spider:2 | Reached skill level 5 in Shields
 28851 | Spider:2 | Noticed Arachne
 28879 | Spider:2 | Killed Arachne
 29830 | Spider:4 | Entered Level 4 of the Spider Nest
 31151 | Spider:4 | Gained mutation: You are completely covered in rugged brown scales. (AC +3, +7% HP) [demonic ancestry]
 31151 | Spider:4 | Reached XP level 19. HP: 117/155 MP: 0/31
 31285 | Spider:4 | Reached skill level 5 in Evocations
 31402 | Spider:4 | Got a gossamer rune of Zot
 31702 | Shoals:1 | Entered Level 1 of the Shoals
 32232 | Shoals:1 | Found Bioton's Bounteous Boutique.
 32985 | Shoals:2 | Noticed Aizul
 33166 | Shoals:2 | Killed Aizul
 33556 | Shoals:2 | Noticed Ilsuiw
 33565 | Shoals:2 | Killed Ilsuiw
 34488 | Shoals:3 | Found a flickering gateway to a bazaar.
 34501 | Bazaar   | Entered a bazaar
 34531 | Bazaar   | Found Fowiock's Magic Scroll Emporium.
 34546 | Bazaar   | Found Curos's Antique Weapon Emporium.
 34546 | Bazaar   | Found Hiopauc's Jewellery Shoppe.
 34567 | Bazaar   | Found Ciopeala's Gadget Shoppe.
 35428 | Shoals:4 | Entered Level 4 of the Shoals
 35448 | Shoals:4 | Reached skill level 19 in Unarmed Combat
 35715 | Shoals:4 | Found the +7 great mace "Undeadhunter" {disrupt, rN+}
 35957 | Shoals:4 | Got a barnacled rune of Zot
 36497 | Shoals:4 | Reached skill level 10 in Spellcasting
 36744 | Vaults:1 | Entered Level 1 of the Vaults
 36773 | Vaults:1 | Reached XP level 20. HP: 163/163 MP: 34/34
 37325 | Vaults:1 | Killed from afar by a Tzitzimitl

Vault maps used:
D:1:      mrwooster_arrival_statue
D:2:      bloody_trog, nicolae_dithmenos_shadow_blocks
D:3:      corexii_shack_village, grunt_temple_overflow_opulence, minitemple
D:4:      first_ration, cheibrodos_sewer_entry_bend
D:6:      lemuel_crystal_altar, overflow_temple_1_default, roderic_batcave,
          serial_park_tiny_1, minmay_misc_feat_more_columns, uniq_blork_the_orc,
          uniq_pikel
D:7:      tgw_xom, zin_treasury, minmay_temple_entry_grid, serial_shops, shop,
          grunt_ogre_cave
D:8:      minmay_cut_squares, kennysheep_little_box, david_lair_shrubbed,
          uniq_maurice
D:10:     cheibrodos_two_vegetables, serial_ice, serial_ice_n, serial_ice_a,
          serial_ice_c, serial_ice_e, serial_ice_l, serial_ice_m, serial_ice_f,
          serial_ice_g
D:11:     lemuel_tele_altar, uniq_erolcha
D:12:     david_orc_3, uniq_josephine, uniq_snorg, uniq_frances
D:13:     david_vaults_3
D:14:     special_room, infiniplex_staircase_zigzag_1, minmay_three_doors
D:15:     hangedman_depths_entry_civil_slaughter, tso_metal_star, serial_glass,
          glass_columns_b, glass_columns_a
Lair:1:   serial_bayou_shore_b, minmay_lair_oklob_chamber, lemuel_fruit_tree,
          uniq_erica, uniq_harold
Lair:2:   grunt_megastairs_3
Lair:3:   portal_ice_cave_entry_pillars_1, minivault_25, guppyfry_lair_drakes
Lair:4:   elwin_shoals_entry_rocks, dummy_spider_entry, beast_lair_carwin_10
Lair:5:   lab_entry_generic, dpeg_oklob_1
Lair:6:   minmay_lair_end_frog_pond, minmay_slime_entry_eyes
Shoals:1: nicolae_alphabet_shops
Shoals:2: uniq_aizul, uniq_ilsuiw
Shoals:3: serial_shops, bzr_entry_lakeside
Shoals:4: shoals_end_grunt_ice, ldierk_geyser,
          nicolae_shoals_siren_and_animal_friends
Spider:1: ebering_ghost_xom, nicolae_spider_circle_web
Spider:2: uniq_arachne
Spider:4: guppyfry_spider_rune, special_room
Orc:1:    uniq_nergalle
Orc:2:    st_orc_open, library_closet, guppyfry_library_mini, uniq_saint_roka
Elf:1:    eino_elf_arrival_sip, serial_shops, shop,
          kennysheep_underground_church
Vaults:1: grunt_vaults_hallway_short, hangedman_vaults_hat, v_pattern_2,
          v_alt_pattern_6, vaults_dpeg_ring, hangedman_vaults_trim,
          nicolae_vaults_rhombus_6, ontoclasm_vaults_tryst,
          dpeg_vaults_monster_box, hangedman_vaults_trim
Bazaar:   bazaar_long_row
Sewer:    sewer_co_purgy_island
IceCv:    ice_cave_statue_garden_transporter

Skill      XL: |  1  2  3  4  5  6  7  8  9 10 11 12 13 14 15 16 17 18 19 20 |
---------------+-------------------------------------------------------------+-----
Unarmed Combat | 2 3 4 5 6 9 10 11 13 15 16 17 18 19 | 19.2
Armour         | 4 5 6 7 8 9 10 11 | 11.4
Fighting       | 2 3 4 5 6 7 8 9 10 11 12 | 12.0
Dodging        | 3 4 6 7 9 10 11 | 11.5
Invocations    | 5 7 9 10 | 10.0
Spellcasting   | 2 4 5 6 8 10 | 10.0
Transmutations | 2 5 7 8 9 |  9.2
Shields        | 4 6 8 |  8.7
Evocations     | 4 7 |  7.9
Maces & Flails | |  1.0
Throwing       | |  1.0
Stealth        | |  1.0

Action                   |  1- 3 |  4- 6 |  7- 9 | 10-12 | 13-15 | 16-18 | 19-21 || total
-------------------------+-------+-------+-------+-------+-------+-------+-------++-------
Melee: Dagger            |     6 |       |       |       |       |       |       ||     6
       Unarmed           |       |   144 |   271 |   441 |   731 |   875 |   685 ||  3147
       Punch             |       |     3 |    10 |    31 |    85 |    10 |       ||   139
       Headbutt          |       |     7 |    66 |   169 |   295 |   326 |   300 ||  1163
 Fire: Hand crossbow     |    96 |    58 |       |       |       |       |       ||   154
Invok: Slouch            |       |       |       |     3 |     8 |    10 |     6 ||    27
       Temporal Distorti |       |       |       |     1 |       |       |     1 ||     2
Evoke: Wand              |       |     3 |     8 |    10 |     3 |    19 |       ||    43
       Lamp of fire      |       |       |       |       |       |     1 |       ||     1
       Phial of floods   |       |       |       |       |       |     1 |       ||     1
       Phantom mirror    |       |       |       |       |       |     1 |       ||     1
  Use: Scroll            |     1 |     8 |     9 |     7 |     8 |     9 |     7 ||    49
       Potion            |       |       |     3 |       |     2 |     4 |     1 ||    10
 Stab: Sleeping          |       |     1 |     1 |       |       |       |       ||     2
       Distracted        |       |       |     5 |     6 |    11 |    12 |     6 ||    40
  Eat: Chunk             |     1 |    12 |    10 |    19 |    16 |    14 |     5 ||    77
       Ration            |       |       |       |       |       |     1 |     3 ||     4
Armor: Ring mail         |    29 |    67 |       |       |       |       |       ||    96
       Troll leather arm |       |    12 |    63 |       |       |       |       ||    75
       Chain mail        |       |       |    51 |   264 |   316 |   133 |   149 ||   913
       Storm dragon scal |       |       |       |       |       |   267 |    56 ||   323
Dodge: Dodged            |    34 |   105 |   151 |   368 |   667 |   575 |   330 ||  2230
Block: Large shield      |       |       |       |       |       |  1048 |   814 ||  1862

Table legend:
 A = Spawn XP
 B = Non-spawn XP
 C = Spawn XP percentage of total XP
 D = Spawn monster count
 E = Non-spawn monster count
 F = Spawn count percentage of total count
 G = Total turns spent on level
                    A         B        C        D         E        F      G
               +---------+---------+-------+---------+---------+-------+---------
         Total |       0 |  376421 |   0.0 |       0 |    1294 |   0.0 | 37325
               +---------+---------+-------+---------+---------+-------+---------
           D:1 |       0 |      38 |   0.0 |       0 |      23 |   0.0 |   638
           D:2 |       0 |     116 |   0.0 |       0 |      27 |   0.0 |  1420
           D:3 |       0 |     101 |   0.0 |       0 |      28 |   0.0 |   945
           D:4 |       0 |     310 |   0.0 |       0 |       8 |   0.0 |   662
           D:5 |       0 |     199 |   0.0 |       0 |       8 |   0.0 |   842
           D:6 |       0 |    1292 |   0.0 |       0 |      28 |   0.0 |  1071
           D:7 |       0 |    1255 |   0.0 |       0 |      23 |   0.0 |   665
           D:8 |       0 |    3528 |   0.0 |       0 |      40 |   0.0 |  1322
           D:9 |       0 |    3581 |   0.0 |       0 |      29 |   0.0 |   956
          D:10 |       0 |    3713 |   0.0 |       0 |      42 |   0.0 |  1549
          D:11 |       0 |    7267 |   0.0 |       0 |      33 |   0.0 |  1070
          D:12 |       0 |    9457 |   0.0 |       0 |      54 |   0.0 |   962
          D:13 |       0 |   14698 |   0.0 |       0 |      83 |   0.0 |  1215
          D:14 |       0 |   11606 |   0.0 |       0 |      30 |   0.0 |  1279
          D:15 |       0 |   16610 |   0.0 |       0 |      39 |   0.0 |  1012
        Lair:1 |       0 |    5760 |   0.0 |       0 |      17 |   0.0 |   895
        Lair:2 |       0 |    9396 |   0.0 |       0 |      37 |   0.0 |   813
        Lair:3 |       0 |    5051 |   0.0 |       0 |      11 |   0.0 |   785
        Lair:4 |       0 |    6368 |   0.0 |       0 |      25 |   0.0 |   700
        Lair:5 |       0 |    6508 |   0.0 |       0 |      28 |   0.0 |  1023
        Lair:6 |       0 |   21640 |   0.0 |       0 |      87 |   0.0 |  2317
      Shoals:1 |       0 |   13451 |   0.0 |       0 |      27 |   0.0 |  1105
      Shoals:2 |       0 |   19947 |   0.0 |       0 |      37 |   0.0 |  1637
      Shoals:3 |       0 |   16510 |   0.0 |       0 |      30 |   0.0 |  1001
      Shoals:4 |       0 |   34811 |   0.0 |       0 |      61 |   0.0 |  1004
      Spider:1 |       0 |   20197 |   0.0 |       0 |      59 |   0.0 |  2252
      Spider:2 |       0 |   12650 |   0.0 |       0 |      33 |   0.0 |   628
      Spider:3 |       0 |   20852 |   0.0 |       0 |      55 |   0.0 |  1157
      Spider:4 |       0 |   34680 |   0.0 |       0 |      88 |   0.0 |  1389
         Orc:1 |       0 |    1222 |   0.0 |       0 |      10 |   0.0 |   295
         Orc:2 |       0 |   29755 |   0.0 |       0 |     102 |   0.0 |  1382
         Elf:1 |       0 |   15976 |   0.0 |       0 |      29 |   0.0 |  1444
      Vaults:1 |       0 |   25201 |   0.0 |       0 |      47 |   0.0 |   581
         Sewer |       0 |     131 |   0.0 |       0 |       6 |   0.0 |   587
         IceCv |       0 |    2544 |   0.0 |       0 |      10 |   0.0 |   572
               +---------+---------+-------+---------+---------+-------+---------
